 Dungeon Crawl Stone Soup version 0.32-a0-407-g4da7c8d (webtiles) character file.

Game seed: 1867756064008870135

232 Nithhogg the Trooper (level 5, -2/24 (47) HPs)
             Began as a Mountain Dwarf Fighter on Feb 20, 2024.
             Slain by a goblin
             ... wielding a +2 dagger of draining
             ... led by Robin
              (8 damage)
             ... on level 3 of the Dungeon.
             The game lasted 00:03:59 (1988 turns).

Nithhogg the Trooper (Mountain Dwarf Fighter)       Turns: 1988, Time: 00:03:59

HP:   -2/24 (47)    AC:  8    Str: 20    XL:     5   Next: 73%
MP:   7/7           EV:  9    Int:  9    God:
Gold: 172           SH:  4    Dex: 13    Spells: 4/4 levels left

rFire   + . .        g - +6 long sword "Hulaonal" {elec, Dex+4}
rCold   + . .        c - +0 buckler
rNeg    . . .        b - +1 scale mail
rPois   +            (no helmet)
rElec   +            (no cloak)
rCorr   +            (no gloves)
SInv    .            (no boots)
Will    .....        (no amulet) Stlth
                     (no ring)
HPRegen 0.24/turn    (no ring)
MPRegen 0.10/turn

%: no passive effects
@: mighty, resistant, very heavily drained
A: runic magic, artefact enchanting
a: no special abilities


You were on level 3 of the Dungeon.
You visited 1 branch of the dungeon, and saw 3 of its levels.

You collected 172 gold pieces.

Inventory:

Hand Weapons
 a - a +0 war axe
 g - the +6 long sword "Hulaonal" (weapon) {elec, Dex+4}
   (You found it on level 3 of the Dungeon)

   Dex+4:     It affects your dexterity (+4).
Missiles
 e - 6 poisoned darts (quivered)
Armour
 b - a +1 scale mail (worn)
 c - a +0 buckler (worn)
 r - a +0 plate armour
Scrolls
 i - 2 scrolls of identify
 j - a scroll of amnesia
 k - a scroll of enchant armour
 o - a scroll of fog
Potions
 f - 3 potions of curing
 h - a potion of resistance
 l - a potion of berserk rage {unknown}
 m - a potion of brilliance {unknown}
 n - a potion of magic {unknown}
 q - a potion of lignification {unknown}


   Skills:
 + Level 4.6 Fighting
 + Level 4.1 Axes
 + Level 4.5 Armour
 - Level 3.2 Shields
 + Level 3.4 Invocations


You had 4 spell levels left.
You didn't know any spells.
Your spell library contained the following spells:

 Spells                   Type           Power      Damage    Failure   Level
 Apportation              Tloc           0%         N/A       54%         1
 Jinxbite                 Hex            0%         N/A       69%         2
 Alistair's Intoxication  Alch           0%         N/A       100%        5
 Summon Forest            Summ/Tloc      0%         N/A       100%        5
 Summon Mana Viper        Hex/Summ       0%         N/A       100%        5
 Summon Cactus Giant      Summ           0%         N/A       100%        6


Dungeon Overview and Level Annotations

Branches:
Dungeon (3/15)

Altars:
Beogh

Shops:
D:1 =   D:2 [

Annotations:
D:3 3 runed translucent doors, tls9540's ghost, amateur CoGl


Innate Abilities, Weirdness & Mutations

Your spellcasting is much less encumbered by armour.
You can use scrolls of enchantment on lesser artefacts.


Message History

The goblin no longer looks unusually strong. x2
The goblin barely misses you. The goblin hits you but does no damage.
The goblin closely misses you. The goblin hits you but does no damage.
You feel better. The goblin hits you with a +0 club.
The goblin hits you with a +2 dagger of draining.
You feel drained. The goblin hits you but does no damage.
The goblin hits you with a +0 dagger.
You barely miss the goblin.
The goblin no longer looks unusually strong.
The goblin hits you with a +0 club. The goblin hits you but does no damage.
You feel drained. The goblin hits you with a +0 dagger.
The goblin hits you but does no damage.
Robin roars a battlecry!
The goblins go into a battle-frenzy!
You slash the goblin! Lightning courses through the goblin!
You kill the goblin!
The goblin barely misses you. You block the goblin's attack. x2
Robin hits you but does no damage.
The goblin hits you but does no damage. x2
You feel drained. The goblin barely misses you.
You slash Robin! Lightning courses through Robin!!
You kill Robin!
The goblin hits you but does no damage. You block the goblin's attack.
The goblin barely misses you.
The goblin hits you with a +2 dagger of draining.
You feel drained. The goblin attacks as it pursues you!
The goblin barely misses you.
Items here: )))))))))) [[ †††††.
You closely miss the goblin. The goblin hits you with a +0 dagger.
The goblin hits you with a +2 dagger of draining.
You feel drained. The goblin hits you with a +0 club.
* * * LOW HITPOINT WARNING * * *
The goblin hits you but does no damage. x2; You feel drained.
You block the goblin's attack.
You barely miss the goblin. The goblin closely misses you.
You slash the goblin! Lightning courses through the goblin!
You kill the goblin!
The goblin hits you but does no damage.
You feel drained.
You completely miss the goblin. The goblin hits you but does no damage.
The goblin hits you with a +2 dagger of draining!
You die...

####### #....†########
#########.###).......#
.......@g...########.#
#####.g##.#.# #.#
..... ..#.# #.# #.##..
### # #.# .. ... #.###
# .### #.... #. #....
# #.##. #.#..


You could see 2 goblins.

Vanquished Creatures
  Terence (D:3)
  Robin (D:3)
  4 gnolls (D:2)
  3 adders
  A dart slug (D:1)
  2 ribbon worms (D:2)
  6 ball pythons
  7 bats
  8 endoplasms (D:1)
  3 giant cockroaches
  15 goblins
  5 hobgoblins
  2 jackals (D:2)
  3 quokkas
  4 frilled lizards
  5 kobolds
70 creatures vanquished.

Notes
Turn   | Place    | Note
-------+----------+-------------------------------------------
     0 | D:1      | Nithhogg the Mountain Dwarf Fighter began the quest for the
                  | Orb.
     0 | D:1      | Reached XP level 1. HP: 19/19 MP: 1/1
   199 | D:1      | Reached skill level 1 in Invocations
   199 | D:1      | Reached XP level 2. HP: 26/26 MP: 2/2
   317 | D:1      | Found Iciasm's Jewellery Shoppe.
   334 | D:1      | Reached XP level 3. HP: 30/33 MP: 4/4
   756 | D:2      | Reached XP level 4. HP: 38/40 MP: 5/5
   799 | D:2      | Found Gegu's Antique Armour Shop.
   947 | D:2      | Found a faded altar of an unknown god.
  1473 | D:2      | Reached XP level 5. HP: 21/46 MP: 7/7
  1719 | D:3      | Noticed Terence
  1729 | D:3      | Killed Terence
  1736 | D:3      | Identified the +6 long sword "Hulaonal" {elec, Dex+4}
  1856 | D:3      | Found a runed translucent gate.
  1856 | D:3      | Found a runed translucent gate.
  1856 | D:3      | Found a runed translucent gate.
  1862 | D:3      | Found a roughly hewn altar of Beogh.
  1865 | D:3      | Noticed tls9540's ghost (amateur CoGl)
  1962 | D:3      | Noticed Robin
  1982 | D:3      | Killed Robin
  1988 | D:3      | Slain by a goblin

Illustrated notes

Levels and vault maps discovered:
D:1:      amcnicky_arrival_choice, layout_basic, serial_shops,
          nicolae_shop_trees
D:2:      minmay_door_path, layout_rooms, ebering_ecumenical_altar_sacrificial,
          serial_shops, nicolae_diamond_shop, kennysheep_small_spiral,
          nrook_mini_vaults, grunt_ministairs_10
D:3:      layout_loops_cross, biasface_ghost_orc_armoury, uniq_terence,
          uniq_robin

Skill      XL: |  1  2  3  4  5 |
---------------+----------------+-----
Invocations    | 1 2 3 |  3.4
Axes           | 3 4 |  4.1
Fighting       | 4 |  4.6
Armour         | 4 |  4.5
Shields        | |  3.2

Action                     |  1- 3 |  4- 6 || total
---------------------------+-------+-------++-------
  Melee: War axe           |    67 |    90 ||   157
         Long sword        |       |    38 ||    38
    Use: Scroll            |       |     5 ||     5
         Potion            |       |     4 ||     4
 Armour: Scale mail        |    45 |   182 ||   227
  Dodge: Dodged            |    39 |    78 ||   117
  Block: Buckler           |    22 |    43 ||    65

Table legend: (Time is in decaauts)
 A = Elapsed time spent in this place.
 B = Non-inter-level travel time spent in this place.
 C = Inter-level travel time spent in this place.
 D = Time resting spent in this place.
 E = Time spent auto-exploring this place.
 F = Levels seen in this place.
 G = Mean time per level.
                   A        B        C        D        E       F      G
               +--------+--------+--------+--------+--------+-----+--------+
         Total |   2062 |   2023 |     39 |      0 |   1542 |   3 |  687.3 |
       Dungeon |   2062 |   2023 |     39 |      0 |   1542 |   3 |  687.3 |
               +--------+--------+--------+--------+--------+-----+--------+

Top non-repeatable levels by time:
     D:2: 1001 daAuts
     D:1: 770 daAuts
     D:3: 290 daAuts
